AoeStats
← Condorito17

Arena

510848977Analyzed
4v4 RM · 11h ago on Oct 2, 2026· 41m 5s· 8 players
Game mode
Random Map
Map size
Large (8 player)
Population
200
Speed
Normal
Resources
Standard
Victory
Conquest
Starting age
Dark Age
Ending age
Imperial Age
RankedLock teamsTeams togetherTeam positionsShared explorationLock speedFull tech treeHidden civsTurbo modeCheats
Victory
Defeat
🇨🇴 Spanish · Colombia
1455
+13
🇳🇴 Romans · Norway
1441
+14
🇺🇸 Turks · United States
1433
+14
🇨🇳 Mongols · China
1419
+14
🇨🇴 Sicilians · Colombia
1420
-15
🇨🇴 Teutons · Colombia
1394
-14
🇨🇱 Japanese · Chile
1381
-13
🇨🇴 Chinese · Colombia
1368
-13
mrowdet
10:42 Feudal Age
14:12 Loom
16:58 Castle Age
35:23 Imperial Age
38:50 Padded Archer Armor
只会种田
10:09 Feudal Age
11:37 Double-Bit Axe
14:29 Castle Age
13:09 Horse Collar
16:28 Bow Saw
20:46 Heavy Plow
23:32 Wheelbarrow
23:05 Stone Mining
23:10 Gold Mining
24:58 Hand Cart
28:30 Imperial Age
26:11 Fletching
26:23 Padded Archer Armor
27:05 Ballistics
26:43 Loom
26:56 Bodkin Arrow
28:10 Stone Shaft Mining
28:11 Gold Shaft Mining
27:59 Leather Archer Armor
29:04 Elite Mangudai
29:45 Husbandry
29:56 Bloodlines
30:14 Parthian Tactics
29:55 Thumb Ring
30:34 Conscription
30:04 Town Watch
30:20 Bracer
31:33 Chemistry
31:09 Nomads
32:12 Drill
31:15 Capped Ram
32:51 Siege Ram
36:45 Onager
38:04 Siege Onager
Morlhaw
10:45 Feudal Age
14:54 Castle Age
12:47 Horse Collar
14:10 Loom
14:20 Town Watch
14:52 Double-Bit Axe
16:48 Wheelbarrow
17:00 Heavy Plow
18:54 Bow Saw
22:58 Hand Cart
28:03 Imperial Age
26:20 Town Patrol
26:48 Gold Mining
26:48 Stone Mining
28:34 Stone Shaft Mining
28:07 Fletching
28:17 Padded Archer Armor
28:40 Ballistics
29:47 Chemistry
29:55 Thumb Ring
29:11 Elite Skirmisher
30:08 Leather Archer Armor
31:53 Ring Archer Armor
31:18 Bodkin Arrow
33:27 Bracer
33:51 Caravan
35:02 Conscription
35:10 Scale Barding Armor
35:16 Forging
36:56 Chain Barding Armor
36:38 Husbandry
36:48 Bloodlines
35:59 Cavalier
37:51 Two-Man Saw
37:40 Paladin
40:08 Plate Barding Armor
40:08 Iron Casting
Snavle
10:38 Feudal Age
14:22 Castle Age
12:43 Double-Bit Axe
13:05 Horse Collar
20:38 Wheelbarrow
21:54 Loom
22:18 Gold Mining
22:45 Stone Mining
24:22 Bow Saw
24:13 Heavy Plow
25:21 Gold Shaft Mining
26:36 Ballistics
29:00 Imperial Age
26:37 Squires
27:22 Hand Cart
26:53 Town Watch
26:39 Man-at-Arms
27:21 Scale Mail Armor
27:20 Long Swordsman
28:12 Forging
29:00 Masonry
29:07 Chain Mail Armor
29:29 Iron Casting
29:55 Siege Engineers
29:32 Heavy Scorpion
30:05 Capped Ram
32:12 Blast Furnace
31:33 Ballistas
30:57 Legionary
33:20 Chemistry
32:35 Town Patrol
32:14 Siege Ram
38:08 Fletching
38:51 Architecture
38:18 Murder Holes
40:01 Comitatenses
40:02 Conscription
[Legacy]Julio.01
6:28 Loom
8:48 Feudal Age
11:21 Fletching
22:21 Castle Age
20:45 Double-Bit Axe
23:22 Bodkin Arrow
25:27 Bow Saw
29:47 Padded Archer Armor
31:10 Leather Archer Armor
31:05 Elite Skirmisher
34:13 Ballistics
38:27 Imperial Age
37:19 Wheelbarrow
37:00 Town Watch
38:43 Guard Tower
39:11 Scale Barding Armor
39:17 Forging
39:55 Bloodlines
40:41 Chain Barding Armor
40:24 Cavalier
Solopetrosky
10:20 Feudal Age
15:17 Castle Age
16:13 Double-Bit Axe
18:15 Scale Barding Armor
19:33 Forging
20:10 Bloodlines
21:05 Husbandry
22:21 Wheelbarrow
22:10 Light Cavalry
28:31 Hand Cart
29:41 Loom
30:26 Bow Saw
30:05 Horse Collar
33:36 Imperial Age
31:39 Chain Barding Armor
31:54 Iron Casting
32:33 Gold Mining
34:10 Cavalier
35:40 Plate Barding Armor
38:18 Gold Shaft Mining
Condorito17
10:03 Feudal Age
11:46 Loom
14:33 Castle Age
13:08 Double-Bit Axe
16:10 Wheelbarrow
24:03 Hand Cart
24:59 Gold Mining
29:08 Imperial Age
27:25 Gold Shaft Mining
28:14 Thumb Ring
28:01 Fletching
28:12 Padded Archer Armor
28:55 Bow Saw
29:24 Bodkin Arrow
29:45 Leather Archer Armor
29:21 Heavy Cavalry Archer
31:20 Parthian Tactics
31:14 Bracer
32:09 Husbandry
32:19 Bloodlines
35:16 Chemistry
34:27 Clinker Construction
[Legacy] matbui
0:26 Loom
9:42 Feudal Age
14:19 Castle Age
12:46 Double-Bit Axe
13:18 Horse Collar
17:23 Bow Saw
17:16 Heavy Plow
25:47 Gold Mining
29:13 Imperial Age
27:53 Gold Shaft Mining
27:09 Stone Mining
28:08 Wheelbarrow
27:19 Town Watch
28:03 Stone Mining
28:27 Fletching
28:37 Padded Archer Armor
29:31 Bodkin Arrow
30:02 Ballistics
31:11 Chemistry
30:35 Conscription
30:23 Bracer
30:38 Leather Archer Armor
31:34 Elite Chu Ko Nu
33:43 Stone Shaft Mining
34:11 Hand Cart
33:57 Town Patrol
Connection lost

Rejoining the realm…

Still unreachable

The connection could not be restored.

Session expired

The server has moved on; the page needs a fresh start.